 Dungeon Crawl Stone Soup version 0.28.0 (webtiles) character file.

Game seed: 3149840825331538516

186 HallandMoats the Skirmisher (level 5, -3/47 HPs)
             Began as a Ghoul Monk on Feb 12, 2022.
             Was a Priest of Dithmenos.
             Slain by Pikel (5 damage)
             ... on level 4 of the Dungeon.
             The game lasted 00:03:32 (3119 turns).

HallandMoats the Skirmisher (Ghoul Monk)            Turns: 3119, Time: 00:03:33

Health: -3/47      AC:  3    Str: 17    XL:     5   Next: 65%
Magic:  4/4        EV: 12    Int:  5    God:    Dithmenos [***...]
Gold:   108        SH:  0    Dex: 11    Spells: 4/4 levels left

rFire   . . .      SeeInvis .     - Unarmed
rCold   + . .      Faith    .   (no shield)
rNeg    + + +      Spirit   .   a - +0 robe
rPois   ∞          Reflect  .   (no helmet)
rElec   .          Harm     .   k - +0 cloak
rCorr   .          Rampage  .   (no gloves)
Will    .....                   (no boots)
Stlth   ++........              (no amulet)
HPRegen 0.00/turn               (no ring)
MPRegen 0.09/turn               (no ring)

@: inhibited regen, wreathed by umbra
A: claws 1, cold resistance 1, negative energy resistance 3, inhibited
regeneration, torment resistance 2
a: Renounce Religion, Shadow Step


You were on level 4 of the Dungeon.
You worshipped Dithmenos.
Dithmenos was most pleased with you.
You visited 1 branch of the dungeon, and saw 4 of its levels.

You collected 108 gold pieces.

Inventory:

Armour
 a - a +0 robe (worn)
 k - a +0 cloak (worn)
 l - the +0 leather armour of the Final Gods {rF- Will++ Str+3}
   (You found it on level 3 of the Dungeon)

   Str:       It affects your strength (+3).
   rF:        It makes you vulnerable to fire.
   Will:      It greatly increases your willpower.
Scrolls
 d - 7 scrolls of fog
Potions
 e - a potion of heal wounds
 f - a potion of ambrosia
 g - 2 potions of curing


   Skills:
 * Level 4.7 Fighting
 + Level 1.8 Armour
 + Level 3.2 Dodging
 - Level 2.1 Stealth
 * Level 4.6 Unarmed Combat


You had 4 spell levels left.
You didn't know any spells.
Your spell library contained the following spells:

 Spells                   Type           Power      Damage    Failure   Level
 Corpse Rot               Necr/Air       0%         N/A       63%         2
 Poisonous Vapours        Pois/Air       0%         N/A       63%         2
 Scorch                   Fire           0%         2d5       63%         2
 Flame Wave               Conj/Fire      0%         2d4       99%         4
 Summon Cactus Giant      Summ           0%         N/A       100%        6


Dungeon Overview and Level Annotations

Branches:
Dungeon (4/15)
 Temple: D:4-7

Altars:
Dithmenos

Annotations:
D:4 Dowan, Duvessa, Pikel


Innate Abilities, Weirdness & Mutations

You thrive by killing the living.
You are immune to poison.
You have sharp fingernails.
Your flesh is cold resistant. (rC+)
You are immune to negative energy. (rN+++)
You do not regenerate when monsters are visible.
You are immune to unholy pain and torment.


Message History

You scratch Pikel. Your claw misses Pikel.
Pikel is lightly wounded.
Pikel cracks his whip.
Pikel hits you with a +1 whip of freezing.
You closely miss Pikel.
Pikel is lightly wounded.
Pikel barely misses you.
You closely miss Pikel.
Pikel is lightly wounded.
You scratch Pikel.
Pikel is lightly wounded.
Pikel hits you with a +1 whip of freezing.
Pikel freezes you.
You closely miss Pikel.
Pikel is lightly wounded.
Pikel hits you with a +1 whip of freezing!
Pikel freezes you.
You barely miss Pikel.
Pikel is lightly wounded.
Pikel hits you with a +1 whip of freezing!
Pikel freezes you.
You completely miss Pikel.
Pikel is lightly wounded.
Pikel closely misses you.
You barely miss Pikel.
Pikel is lightly wounded.
Pikel hits you with a +1 whip of freezing!
* * * LOW HITPOINT WARNING * * *
Pikel freezes you.
* * * LOW HITPOINT WARNING * * *
You scratch Pikel but do no damage.
Pikel is lightly wounded.
Pikel hits you with a +1 whip of freezing!
* * * LOW HITPOINT WARNING * * *
Pikel freezes you.
* * * LOW HITPOINT WARNING * * *
You scratch Pikel.
Pikel is lightly wounded.
Pikel hits you with a +1 whip of freezing.
You die...

#........+.........+
###.#...####.........
#......## .......
#.###.## ..... #.# #.#
.55 #.###.# #5# #.....#
#5# ###.### #K# #.#
##@## #.# #####...##
#.# #........###### #.#
#.###..........
#.#######.####.#.######
#...........##.#.#
#########.#......#
#.####.### #.. ..#


You could see Pikel and 4 lemures.

Vanquished Creatures
  A necrophage (D:4)
  3 gnolls
  An adder (D:3)
  An ufetubus (D:4)
  3 dart slugs
  2 orcs (D:3)
  7 endoplasms
  A giant cockroach (D:1)
  2 goblins
  5 hobgoblins
  3 jackals (D:1)
  A kobold (D:2)
  2 quokkas
  6 ball pythons
  7 bats
  5 frilled lizards
  A rat (D:1)
51 creatures vanquished.

Notes
Turn   | Place    | Note
-------+----------+-------------------------------------------
     0 | D:1      | HallandMoats the Ghoul Monk began the quest for the Orb.
     0 | D:1      | Reached XP level 1. HP: 19/19 MP: 0/0
    27 | D:1      | Noticed a floating eye
    29 | D:1      | Found a faded altar of an unknown god.
    31 | D:1      | Noticed a shining eye
    31 | D:1      | Noticed a floating eye
    31 | D:1      | Noticed a golden eye
    58 | D:1      | Prayed at the altar of an unknown god.
    58 | D:1      | Became a worshipper of Dithmenos the Shadowed
    58 | D:1      | Reached * piety under Dithmenos
    58 | D:1      | Reached ** piety under Dithmenos
   216 | D:1      | Reached XP level 2. HP: 19/26 MP: 1/1
   547 | D:1      | Reached *** piety under Dithmenos
   659 | D:1      | Reached XP level 3. HP: 31/33 MP: 2/2
  1203 | D:2      | Reached skill level 1 in Armour
  1687 | D:1      | Reached XP level 4. HP: 29/40 MP: 3/3
  2367 | D:3      | Identified the +0 leather armour of the Final Gods {rF-
                  | Will++ Str+3}
  2466 | D:4      | Noticed a necrophage
  2476 | D:4      | Killed a necrophage
  2477 | D:4      | Reached XP level 5. HP: 38/47 MP: 4/4
  2639 | D:4      | Noticed Duvessa
  2639 | D:4      | Noticed Dowan
  3101 | D:4      | Noticed Pikel
  3101 | D:4      | Noticed a lemure
  3101 | D:4      | Noticed a lemure
  3105 | D:4      | Noticed a lemure
  3106 | D:4      | Noticed a lemure
  3118 | D:4      | HP: 2/47 [Pikel (1)]
  3119 | D:4      | Slain by Pikel

Illustrated notes

Levels and vault maps discovered:
D:1:      evilmike_arrival_hilbert_curve, layout_basic,
          hellmonk_ecumenical_altar_watching_god
D:2:      layout_rooms, grunt_ministairs_15
D:3:      layout_basic, minmay_vboxes
D:4:      layout_loops_corners, uniq_pikel, uniq_duvessa

Skill      XL: |  1  2  3 |
---------------+----------+-----
Armour         | 1 |  1.8
Fighting       | 4 |  4.7
Dodging        | 3 |  3.2
Unarmed Combat | 4 |  4.6
Stealth        | |  2.1

Action                   |  1- 3 |  4- 6 || total
-------------------------+-------+-------++-------
Melee: Unarmed           |   107 |    82 ||   189
       Punch             |     7 |     1 ||     8
  Use: Scroll            |       |     8 ||     8
 Stab: Sleeping          |     2 |     4 ||     6
Armor: Robe              |    21 |     7 ||    28
Dodge: Dodged            |    93 |    42 ||   135
